AoeStats
← VGL.Clown

Highland

504271717Analyzed
4v4 RM · 29d ago on Sep 4, 2026· 66m 43s· 8 players
Game mode
Random Map
Map size
Large (8 player)
Population
200
Speed
Normal
Resources
Standard
Victory
Conquest
Starting age
Dark Age
Ending age
Imperial Age
RankedLock teamsTeams togetherTeam positionsShared explorationLock speedFull tech treeHidden civsTurbo modeCheats
Victory
Defeat
🇩🇪 Turks · Germany
984
+15
🇩🇪 Poles · Germany
982
+15
🇩🇪 Franks · Germany
945
+17
🇩🇪 Aztecs · Germany
884
+19
🇮🇪 Saracens · Ireland
976
-17
🇩🇪 Jurchens · Germany
974
-17
🇮🇳 Franks · India
960
-17
🇮🇳 Bulgarians · India
919
-15
XBU Lord
0:30 Loom
12:19 Feudal Age
16:13 Castle Age
23:32 Horse Collar
26:13 Wheelbarrow
25:24 Town Watch
28:16 Forging
32:06 Imperial Age
30:08 Double-Bit Axe
30:27 Heavy Plow
30:32 Scale Mail Armor
31:38 Hand Cart
31:51 Chain Mail Armor
34:07 Conscription
33:57 Elite Obuch
37:05 Iron Casting
37:01 Plate Mail Armor
38:39 Gold Mining
38:42 Stone Mining
40:37 Crop Rotation
41:47 Blast Furnace
40:53 Scale Barding Armor
45:59 Chain Barding Armor
46:41 Caravan
47:12 Coinage
48:26 Szlachta Privileges
48:44 Lechitic Legacy
48:38 Light Cavalry
49:30 Bloodlines
49:20 Husbandry
48:42 Cavalier
49:46 Winged Hussar
51:35 Fortified Wall
52:25 Chemistry
51:12 Arrowslits
51:33 Siege Engineers
51:40 Masonry
51:51 Ballistics
51:37 Murder Holes
59:57 Stone Shaft Mining
Wels2802
5:38 Loom
10:20 Feudal Age
12:24 Double-Bit Axe
15:46 Forging
21:53 Castle Age
22:11 Wheelbarrow
23:27 Husbandry
23:48 Bow Saw
26:53 Scale Barding Armor
27:09 Hand Cart
30:33 Town Watch
31:45 Iron Casting
31:32 Chain Barding Armor
34:39 Iron Casting
39:42 Imperial Age
38:47 Town Patrol
41:45 Cavalier
42:27 Murder Holes
43:45 Conscription
44:51 #83
45:26 Elite Throwing Axeman
47:14 Scale Mail Armor
47:07 Fletching
47:48 Light Cavalry
49:51 Blast Furnace
49:07 Chain Mail Armor
50:35 Bodkin Arrow
55:43 Plate Barding Armor
57:51 Caravan
60:00 Plate Mail Armor
Osten1104
0:44 Loom
12:29 Feudal Age
18:02 Castle Age
16:32 Double-Bit Axe
28:46 Pikeman
40:04 Wheelbarrow
41:14 Fletching
44:49 Murder Holes
44:54 Horse Collar
45:56 Coinage
45:27 Caravan
45:59 Bow Saw
46:12 Hand Cart
46:44 Forging
46:34 Scale Mail Armor
48:15 Heavy Plow
53:10 Imperial Age
51:02 Elite Skirmisher
55:11 Squires
54:57 Arson
54:59 Gambesons
56:16 Conscription
56:21 Elite Jaguar Warrior
61:27 Chain Mail Armor
61:48 Iron Casting
62:00 Garland Wars
62:54 Gold Mining
62:56 Stone Mining
64:35 Blast Furnace
64:06 Plate Mail Armor
66:50 Gold Shaft Mining
66:51 Stone Shaft Mining
66:57 Banking
67:13 Crop Rotation
Bollex
9:16 Loom
11:44 Feudal Age
16:34 Castle Age
15:09 Double-Bit Axe
15:07 Horse Collar
16:26 Gold Mining
17:24 Bow Saw
17:37 Heavy Plow
23:45 Wheelbarrow
24:59 Hand Cart
31:10 Imperial Age
30:47 Padded Archer Armor
31:45 Ballistics
31:46 Thumb Ring
32:22 Conscription
34:43 Two-Man Saw
37:23 Gold Shaft Mining
39:30 Leather Archer Armor
43:29 Caravan
43:48 Scale Barding Armor
44:14 Ring Archer Armor
49:37 Artillery
50:30 Bloodlines
50:21 Husbandry
59:44 Chain Barding Armor
59:35 Forging
61:18 Plate Barding Armor
60:38 Heavy Camel Rider
62:50 Iron Casting
67:14 Blast Furnace
nickel8448
11:39 Feudal Age
12:23 Loom
21:56 Castle Age
20:38 Fletching
22:17 Crossbowman
24:30 Wheelbarrow
25:15 Thumb Ring
26:17 Double-Bit Axe
29:45 Hand Cart
31:00 Gold Mining
31:00 Stone Mining
31:33 Bow Saw
32:37 Horse Collar
43:54 Imperial Age
44:29 Gold Shaft Mining
48:07 Elite Mameluke
49:36 Counterweights
52:13 Elite Skirmisher
53:21 Bodkin Arrow
53:26 Padded Archer Armor
VGL.Clown
10:27 Feudal Age
14:50 Castle Age
13:39 Double-Bit Axe
16:09 Bow Saw
15:50 Horse Collar
17:15 Loom
21:05 Padded Archer Armor
21:36 Town Watch
23:52 Leather Archer Armor
28:33 Heavy Plow
28:38 Gold Mining
29:27 Wheelbarrow
32:34 Imperial Age
33:49 Ring Archer Armor
33:20 Scale Mail Armor
33:43 Elite Fire Lancer
34:24 Squires
34:09 Gambesons
34:43 Chain Mail Armor
36:14 Forging
39:54 Iron Casting
40:05 Arson
41:31 Elite Steppe Lancer
42:13 Husbandry
42:24 Bloodlines
42:21 Scale Barding Armor
43:17 Blast Furnace
43:43 Chain Barding Armor
45:03 Plate Barding Armor
46:38 Fortified Bastions
mumbhai
12:29 Feudal Age
12:12 Loom
18:27 Castle Age
18:46 Scale Mail Armor
18:57 Forging
18:39 Arson
18:49 Pikeman
19:32 Squires
25:12 Double-Bit Axe
28:23 Gambesons
32:18 Ballistics
34:57 Husbandry
35:08 Bloodlines
38:32 Imperial Age
39:59 Conscription
40:50 Wheelbarrow
41:20 Chemistry
40:54 Caravan
41:53 Elite Skirmisher
43:13 Stirrups
45:39 Scale Barding Armor
46:10 Iron Casting
45:27 Fletching
45:38 Padded Archer Armor
50:09 Chain Barding Armor
50:50 Blast Furnace
49:45 Bodkin Arrow
50:06 Leather Archer Armor
52:51 Onager
54:32 Medium Warships
parthshah2494
2:10 Loom
12:22 Feudal Age
19:33 Castle Age
18:18 Scale Barding Armor
23:23 Wheelbarrow
26:44 Hand Cart
26:57 Chain Barding Armor
27:05 Forging
26:55 Scale Mail Armor
28:25 Chain Mail Armor
28:46 Iron Casting
29:40 Pikeman
30:21 Squires
31:37 Arson
33:21 Double-Bit Axe
37:10 Imperial Age
36:15 Husbandry
36:48 Padded Archer Armor
37:12 Gold Mining
37:56 Halberdier
39:47 Gold Shaft Mining
39:12 Gambesons
40:00 Plate Mail Armor
39:30 Cavalier
42:23 Paladin
46:56 Plate Barding Armor
55:34 Elite Skirmisher
56:55 Padded Archer Armor
56:46 Fletching
58:13 Chemistry
Connection lost

Rejoining the realm…

Still unreachable

The connection could not be restored.

Session expired

The server has moved on; the page needs a fresh start.